 Dungeon Crawl Stone Soup version 0.29-a0-676-ga64570c9d2 (webtiles) character file.

Game seed: 17465365177908169811

25341 skullybones the Corrupter of Planes (level 12, 0/86 HPs)
             Began as a Demonspawn Abyssal Knight on June 25, 2022.
             Was the Champion of Lugonu.
             Slain by an orc knight
             ... wielding a +3 vorpal battleaxe
              (3 damage)
             ... on level 1 of the Orcish Mines.
             The game lasted 00:29:57 (17467 turns).

skullybones the Corrupter of Planes (DsAK)         Turns: 17467, Time: 00:29:58

Health: 0/86       AC: 13    Str: 19    XL:     12   Next: 88%
Magic:  0/21       EV: 17    Int: 15    God:    Lugonu [******]
Gold:   337        SH:  0    Dex: 16    Spells: 17/22 levels left

rFire   . . .      SeeInvis .   A - +3 spear "Sarcophage" {vorpal, rElec rPois Str+2 Int-2}
rCold   . . .      Faith    .   (no shield)
rNeg    . . .      Spirit   +   I - +0 troll leather armour
rPois   +          Reflect  .   r - +1 helmet
rElec   +          Harm     .   e - +0 cloak
rCorr   +          Rampage  .   P - +1 Delatra's gloves {ID++}
Will    +....                   B - +0 pair of boots
Stlth   +.........              (no amulet)
HPRegen 1.04/turn               E - ring "Urew" {Will+ Int+4 Dex+2}
MPRegen 0.34/turn               R - ring of resist corrosion

@: studying Long Blades
A: thin metallic scales 2, spiny 1, magic shield, magic regeneration, demonic
touch 2
a: Renounce Religion, Depart the Abyss, Bend Space, Banish, Corrupt, Enter the
Abyss, Brand Weapon With Distortion


You were on level 1 of the Orcish Mines.
You worshipped Lugonu.
Lugonu was exalted by your worship.
You visited 2 branches of the dungeon, and saw 14 of its levels.
You visited the Abyss 1 time.
You also visited: Sewer.

You collected 756 gold pieces.
You spent 419 gold pieces at shops.


Innate Abilities, Weirdness & Mutations

You are mostly covered in thin metallic scales. (AC +3)
You are partially covered in sharp spines.
When hurt, damage is shared between your health and your magic reserves.
You regenerate magic rapidly.
Your touch may inflict irresistible damage on your foes.


   Skills:
 - Level 5.0 Fighting
 - Level 5.0 Polearms
 - Level 2.0 Armour
 - Level 10.0 Dodging
 + Level 5.8 Spellcasting
 * Level 9.3 Conjurations
 * Level 6.6 Ice Magic
 * Level 6.5 Air Magic
 - Level 13.0 Invocations


You had 17 spell levels left.
You knew the following spells:

 Your Spells              Type           Power      Damage    Failure   Level
f - Freezing Cloud        Conj/Ice/Air   13%        6-21      22%         5

Your spell library contained the following spells:

 Spells                   Type           Power      Damage    Failure   Level
 Mephitic Cloud           Conj/Pois/Air  20%        N/A       6%          3
 Dazzling Flash           Conj/Hex       36%        N/A       8%          3
 Blink                    Tloc           8%         N/A       26%         2
 Gell's Gravitas          Tloc           4%         N/A       47%         3
 Ignite Poison            Fire/Tmut/Pois 4%         N/A       47%         3
 Lesser Beckoning         Tloc           4%         N/A       47%         3
 Portal Projectile        Hex/Tloc       8%         N/A       47%         3
 Teleport Other           Tloc           4%         N/A       47%         3
 Tukima's Dance           Hex            4%         N/A       47%         3
 Silence                  Hex/Air        7%         N/A       77%         5
 Agony                    Necr           4%         N/A       99%         5
 Blade Hands              Tmut           2%         N/A       99%         5
 Manifold Assault         Tloc           4%         N/A       99%         5

Inventory:

Hand Weapons
 a - a +2 spectral spear
 b - the +3 Elemental Staff {rElec rF++ rC++ AC+5}
   (You acquired it on level 3 of the Dungeon)

   If the wielder is skilled in Evocations, they can discharge powerful blasts
   of elemental energy when striking with it.
   It enhances your fire, ice, earth and air magic.
   AC:        It affects your AC (+5).
   rF:        It greatly protects you from fire.
   rC:        It greatly protects you from cold.
   rElec:     It insulates you from electricity.
 y - the +1 dagger "Qentyi" {flame, SInv}
   (You found it on level 2 of the Dungeon)

   It burns those it strikes, dealing additional fire damage.
   SInv:      It lets you see invisible.
 A - the +3 spear "Sarcophage" (weapon) {vorpal, rElec rPois Str+2 Int-2}
   (You found it on level 2 of the Dungeon)

   It inflicts extra damage upon your enemies.
   Str:       It affects your strength (+2).
   Int:       It affects your intelligence (-2).
   rElec:     It insulates you from electricity.
   rPois:     It protects you from poison.
Missiles
 c - 110 stones
 g - 2 curare-tipped darts {=f}
 k - 11 boomerangs
 q - 29 poisoned darts
Armour
 e - a +0 cloak (worn)
   (You found it on level 1 of the Dungeon)
 f - an orb of light
   (You found it on level 1 of the Dungeon)
 r - a +1 helmet (worn)
   (You found it on level 1 of the Dungeon)
 B - a +0 pair of boots (worn)
   (You found it on level 4 of the Dungeon)
 I - a +0 troll leather armour (worn)
   (You found it on level 12 of the Dungeon)
 P - the +1 Delatra's gloves (worn) {ID++}
   (You found it on level 5 of the Dungeon)

   It heals its wearer when they drink unknown potions.
   It restores its wearer's MP when they read unknown scrolls.
Jewellery
 E - the ring "Urew" (left hand) {Will+ Int+4 Dex+2}
   (You found it in a sewer)

   [ring of willpower]

   Int:       It affects your intelligence (+4).
   Dex:       It affects your dexterity (+2).
   Will:      It increases your willpower.
 F - a ring of protection from fire
   (You found it on level 13 of the Dungeon)
 R - a ring of resist corrosion (right hand)
   (You found it on level 6 of the Dungeon)
Wands
 l - a wand of light (5)
   (You took it off Pikel on level 7 of the Dungeon)
 G - a wand of polymorph (17)
   (You took it off Grinder on level 3 of the Dungeon)
 J - a wand of charming (6)
   (You found it on level 9 of the Dungeon)
 Z - a wand of iceblast (6)
   (You found it on level 6 of the Dungeon)
Scrolls
 d - 2 scrolls of vulnerability {!r!r}
 h - a scroll of torment {!r}
 o - 2 scrolls of fog
 u - 3 scrolls of poison
 v - 11 scrolls of teleportation {@r4}
 H - 2 scrolls of immolation {unknown}
 K - 3 scrolls of enchant armour {unknown}
 L - a scroll of silence {!r}
 M - a scroll of blinking {!r}
 S - a scroll of enchant weapon
 U - a scroll of noise {unknown}
 Y - a scroll of brand weapon
Potions
 j - 4 potions of brilliance
 n - 5 potions of haste {@q3}
 p - 7 potions of curing {@q1}
 s - 4 potions of mutation {!q}
 t - 7 potions of heal wounds {@q2}
 w - 3 potions of might
 x - a potion of ambrosia
 z - 2 potions of attraction {unknown}
 C - a potion of berserk rage {!q}
 D - a potion of cancellation {unknown}
 O - 4 potions of lignification {unknown}
 Q - 3 potions of magic
 V - a potion of invisibility {unknown}
 W - a potion of resistance {unknown}
 X - a potion of flight {unknown}

Dungeon Overview and Level Annotations

Branches:
Dungeon (13/15) Zot: 25998  Temple (0/1) D:7            Lair (0/6) D:9
    Orc (1/2) D:9 Zot: 5922   Sewer (visited)
 Vaults: D:13-14

Altars:
Fedhas
Okawaru
Qazlal
Beogh

Shops:
D:3 ?:*:   D:5 [   D:9 :   D:10 [[

Annotations:
D:13 36 runed doors, Lodul

### ####.#
##.##.### #..<....#
##.....##
###......##
#......@..####
#.......o..#.##
.......#........#
........###....####
........###.....#.#
.........#........#
...........)....###
..........[....#
##.....))#.###


You could see an orc knight.


Message History

You touch the orc knight!
The orc knight hits you but does no damage. 😕 HP[+1]
You hit the orc knight. Your touch misses the orc knight.
The orc knight hits you with a +0 war axe! 😕 HP[-7] MP[-1]
You take 7 damage, and now have 71/86 hp.
You lost 1 mp, and now have 18/21 mp.
You closely miss the orc knight. 😕 HP[+1]
You hit the orc knight. Your touch misses the orc knight.
The orc knight misses you. 😕 HP[+1]
You hit the orc knight but do no damage.
The orc knight hits you with a +0 war axe!! 😮 HP[-13] MP[-3]
You take 13 damage, and now have 60/86 hp.
You lost 3 mp, and now have 15/21 mp.
You hit the orc knight. Your touch misses the orc knight.
The orc knight completely misses you. 😮 HP[+1]
You puncture the orc knight!
You kill the orc knight!
Lugonu accepts your kill. 😮 HP[+1]
Things that are here:
a +0 war axe; a +0 chain mail; an orc corpse 😮 HP[+1]
There is a staircase to the Orcish Mines, spattered with blood here. 😮 HP[+1] MP[+1]
You start resting. 😕 HP[+14] MP[+5]
You regained 14 hp, and now have 78/86 hp.
Your mp is fully restored (21).
You start resting. 😎 HP[+8]
Your hp is fully restored (86).
You climb downwards.
Welcome back to the Orcish Mines!
The orc knight shoots a bolt.
The bolt closely misses you.
The orc knight shoots a bolt.
The bolt hits you.
There is a staircase back to the Dungeon, spattered with blood here. 😕 HP[-5] MP[-1]
You take 5 damage, and now have 81/86 hp.
You lost 1 mp, and now have 20/21 mp. 😕 HP[+1]
The orc knight shoots a bolt.
The bolt misses you. 😕 HP[+1] 😕 HP[+1] MP[+1]
Your mp is fully restored (21).
You hit the orc knight but do no damage.
You touch the orc knight.
The orc knight unwields a +0 arbalest.
The orc knight wields a +3 vorpal battleaxe.
The orc knight hits you with a +3 vorpal battleaxe! 😕 HP[-8] MP[-2]
You take 8 damage, and now have 76/86 hp.
You lost 2 mp, and now have 19/21 mp.
You barely miss the orc knight. 😕 HP[+1]
You hit the orc knight.
The orc knight hits you with a +3 vorpal battleaxe. 😕 HP[-3] MP[-2]
You take 3 damage, and now have 74/86 hp.
You lost 2 mp, and now have 17/21 mp.
You hit the orc knight but do no damage.
The orc knight barely misses you. 😕 HP[+1]
You hit the orc knight.
The orc knight completely misses you. 😕 HP[+1] MP[+1]
You hit the orc knight but do no damage.
The orc knight hits you with a +3 vorpal battleaxe. 😕 HP[-3] MP[-1]
You take 3 damage, and now have 73/86 hp.
You lost 1 mp, and now have 17/21 mp.
You hit the orc knight but do no damage.
You touch the orc knight!
You hit the orc knight but do no damage.
The orc knight is struck by your spines.
The orc knight hits you with a +3 vorpal battleaxe!! 😮 HP[-25] MP[-4]
You take 25 damage, and now have 48/86 hp.
MASSIVE DAMAGE!! (PAUSE)
You lost 4 mp, and now have 13/21 mp.
You hit the orc knight.
The orc knight is struck by your spines.
The orc knight hits you with a +3 vorpal battleaxe!
* * * LOW HITPOINT WARNING * * *
😨 HP[-7] MP[-3]
You take 7 damage, and now have 41/86 hp.
You lost 3 mp, and now have 10/21 mp.
You hit the orc knight.
The orc knight hits you with a +3 vorpal battleaxe!
* * * LOW HITPOINT WARNING * * *
x2 😨 HP[-13] MP[-4]
You take 13 damage, and now have 28/86 hp.
You lost 4 mp, and now have 6/21 mp.
Unknown command.
You barely miss the orc knight.
You touch the orc knight!
The orc knight hits you with a +3 vorpal battleaxe!!
* * * LOW HITPOINT WARNING * * *
You die...

Skill      XL: |  1  2  3  4  5  6  7  8  9 10 11 12 |
---------------+-------------------------------------+-----
Dodging        | 1 2 3 4 5 7 8 9 10 | 10.0
Polearms       | 2 3 4 5 |  5.0
Armour         | 2 |  2.0
Invocations    | 3 4 5 6 8 11 12 13 | 13.0
Fighting       | 4 5 |  5.0
Spellcasting   | 2 4 5 |  5.8
Conjurations   | 2 6 9 |  9.3
Ice Magic      | 2 5 6 |  6.6
Air Magic      | 2 5 6 |  6.5

Action                   |  1- 3 |  4- 6 |  7- 9 | 10-12 || total
-------------------------+-------+-------+-------+-------++-------
Melee: Spear             |   165 |   118 |   345 |   852 ||  1480
       Punch             |     1 |     3 |     6 |    11 ||    21
       Touch             |       |    17 |    50 |   158 ||   225
       Dagger            |       |     4 |     5 |       ||     9
Throw: Dart              |       |       |     3 |     9 ||    12
       Throwing net      |       |       |       |     1 ||     1
 Cast: Freezing Cloud    |       |       |       |     2 ||     2
Invok: Banish            |       |       |     4 |     3 ||     7
       Bend Space        |       |       |       |     2 ||     2
Evoke: Wand              |       |       |       |     5 ||     5
  Use: Scroll            |     1 |     7 |     4 |     6 ||    18
       Potion            |       |       |       |     2 ||     2
 Stab: Sleeping          |     5 |     1 |       |       ||     6
       Distracted        |       |     1 |     1 |       ||     2
Armor: Leather armour    |    59 |    38 |       |       ||    97
       Skin              |       |     5 |       |       ||     5
       Ring mail         |       |     4 |   113 |   154 ||   271
       Troll leather arm |       |       |       |    74 ||    74
Dodge: Dodged            |    77 |    59 |   155 |   509 ||   800

Levels and vault maps discovered:
D:1:      nzn_arrival_crosshair, layout_rooms
D:2:      layout_basic, serial_undead, serial_undead_e, serial_undead_a,
          serial_undead_e, serial_undead_d, serial_undead_c,
          basic_ecumenical_altar
D:3:      layout_basic, serial_shops, nicolae_shop_crystal,
          nicolae_shop_temple_entry_statues_fountains, shop, shop,
          minmay_door_square, mrwooster_statue_mirror, uniq_jessica,
          uniq_grinder
D:4:      layout_basic, grunt_qazlal_sundering, portal_sewer_entry_d
D:5:      layout_cave_pools, jmf_multi_god_temple2, serial_shops, shop,
          serial_glass, glass_columns_c, glass_columns_b, uniq_duvessa,
          uniq_menkaure
D:6:      layout_gridville, minmay_manual_mandibuliform
D:7:      layout_gridville, minmay_temple_entry_poolview, minivault_5,
          lemuel_flamethrower_2, uniq_pikel
D:8:      layout_layer_cave, corexii_hall_statues_l
D:9:      layout_basic, lair_entry_dummy, minmay_orc_entry_temple_small,
          nicolae_shop_self_help
D:10:     layout_loops_ring, serial_shops,
          nicolae_shop_temple_entry_statues_fountains,
          nicolae_shop_hallway_plus, chequers_serial_rivers_micro_e
D:11:     layout_loops_ring, minivault_11, uniq_erolcha
D:12:     layout_loops_corners, uniq_josephine
D:13:     layout_stronghold, gammafunk_ghost_door_vault, uniq_lodul
Orc:1:    layout_diamond_mine, guppyfry_orc_lava_fort

Notes
Turn   | Place    | Note
-------+----------+-------------------------------------------
     0 | Abyss:1  | skullybones the Demonspawn Abyssal Knight began the quest
                  | for the Orb.
     0 | Abyss:1  | Reached XP level 1. HP: 18/18 MP: 2/2
     0 | Abyss:1  | magus.rc [v1.11.3]
    14 | D:1      | You pass through the gate.
    14 | D:1      | Escaped the Abyss
    43 | D:1      | Reached skill level 1 in Dodging
   207 | D:1      | Gained mutation: You are partially covered in thin metallic
                  | scales. (AC +2) [demonic ancestry]
   207 | D:1      | Reached XP level 2. HP: 23/24 MP: 4/4
   217 | D:1      | Reached skill level 2 in Polearms
   217 | D:1      | Reached skill level 2 in Armour
   312 | D:1      | You pick up a book of Weapons and begin reading...
   312 | D:1      | You add the spells Tukima's Dance, Portal Projectile and
                  | Blade Hands to your library.
   429 | D:1      | Reached skill level 3 in Invocations
   533 | D:1      | Reached XP level 3. HP: 19/29 MP: 5/5
   690 | D:1      | Reached *** piety under Lugonu
  1251 | D:2      | Found a faded altar of an unknown god.
  1442 | D:2      | Identified the +1 dagger "Qentyi" {flame, SInv}
  1500 | D:2      | Gained mutation: Your touch may inflict minor irresistible
                  | damage on your foes. [demonic ancestry]
  1500 | D:2      | Reached XP level 4. HP: 34/35 MP: 6/6
  1989 | D:2      | Identified the +3 spear "Sarcophage" {vorpal, rElec rPois
                  | Str+2 Int-2}
  2194 | D:2      | Reached skill level 2 in Dodging
  2457 | D:3      | Reached **** piety under Lugonu
  2462 | D:3      | Reached skill level 4 in Invocations
  2512 | D:3      | Reached XP level 5. HP: 42/42 MP: 8/8
  2556 | D:3      | Found Vypaotae's Magic Scroll Emporium.
  2696 | D:3      | Found Ximogez's Book Shop.
  2838 | D:3      | Found Gouni's General Store.
  2846 | D:3      | Bought a potion of heal wounds for 55 gold pieces
  2889 | D:3      | Found Vywkoin's Book Shop.
  3088 | D:3      | Noticed Grinder
  3133 | D:3      | Paralysed by Grinder for 5 turns
  3144 | D:3      | Killed Grinder
  3145 | D:3      | Reached skill level 4 in Fighting
  3145 | D:3      | Reached skill level 3 in Polearms
  3145 | D:3      | Reached skill level 3 in Dodging
  3145 | D:3      | Reached skill level 5 in Invocations
  3145 | D:3      | Gained mutation: You regenerate magic rapidly. [demonic
                  | ancestry]
  3145 | D:3      | Reached XP level 6. HP: 49/49 MP: 9/9
  3191 | D:3      | Noticed Jessica
  3197 | D:3      | Killed Jessica
  3623 | D:3      | Identified a scroll of acquirement
  3623 | D:3      | Acquired the +3 Elemental Staff {rElec rF++ rC++ AC+5}
  3623 | D:3      | Found the +3 Elemental Staff {rElec rF++ rC++ AC+5}
  4103 | D:4      | Gained mutation: You are mostly covered in thin metallic
                  | scales. (AC +3) [demonic ancestry]
  4103 | D:4      | Reached XP level 7. HP: 55/55 MP: 9/11
  4124 | D:4      | Found a stormy altar of Qazlal.
  4185 | D:4      | Found a glowing drain.
  4194 | Sewer    | Entered a sewer
  4330 | Sewer    | Reached skill level 1 in Spellcasting
  4438 | Sewer    | Reached skill level 4 in Polearms
  4443 | Sewer    | Identified the ring "Urew" {Will+ Int+4 Dex+2}
  4565 | D:4      | Reached skill level 5 in Fighting
  4724 | D:4      | You pick up a book of Displacement and begin reading...
  4724 | D:4      | You add the spells Lesser Beckoning, Gell's Gravitas and
                  | Teleport Other to your library.
  4940 | D:5      | Entered Level 5 of the Dungeon
  4940 | D:5      | Found Lejokull's Armour Boutique.
  4946 | D:5      | Reached skill level 6 in Invocations
  5019 | D:5      | Noticed Menkaure
  5024 | D:5      | Killed Menkaure
  5025 | D:5      | Reached skill level 4 in Dodging
  5025 | D:5      | Reached skill level 2 in Spellcasting
  5025 | D:5      | Reached XP level 8. HP: 62/62 MP: 12/12
  5084 | D:5      | Reached ***** piety under Lugonu
  5100 | D:5      | Found the +1 Delatra's gloves {ID++}
  5156 | D:5      | Noticed Dowan
  5156 | D:5      | Noticed Duvessa
  5182 | D:5      | Killed Duvessa
  5198 | D:5      | Killed Dowan
  5459 | D:5      | Found a large runed translucent door.
  5487 | D:5      | Found a large runed translucent door.
  5647 | D:5      | Found a blossoming altar of Fedhas.
  5742 | D:5      | Found an iron altar of Okawaru.
  5778 | D:6      | Noticed a brown ugly thing
  5782 | D:6      | Banished a brown ugly thing
  5783 | D:6      | Reached skill level 5 in Polearms
  5783 | D:6      | Reached skill level 3 in Spellcasting
  5783 | D:6      | Reached skill level 8 in Invocations
  5795 | D:6      | Reached skill level 5 in Dodging
  5835 | D:6      | Reached skill level 4 in Spellcasting
  5835 | D:6      | Gained mutation: Your touch may inflict irresistible damage
                  | on your foes. [demonic ancestry]
  5835 | D:6      | Reached XP level 9. HP: 54/68 MP: 15/15
  6191 | D:6      | Reached skill level 9 in Invocations
  6636 | D:7      | Reached skill level 6 in Dodging
  6698 | D:7      | Reached skill level 5 in Spellcasting
  6944 | D:7      | You pick up a book of Spatial Translocations and begin
                  | reading...
  6944 | D:7      | You add the spells Blink and Manifold Assault to your
                  | library.
  7310 | D:7      | Reached skill level 10 in Invocations
  7827 | D:7      | Noticed a red ugly thing
  7830 | D:7      | Banished a red ugly thing
  7831 | D:7      | Reached skill level 7 in Dodging
  8020 | D:7      | Reached skill level 11 in Invocations
  8030 | D:7      | Noticed Pikel
  8047 | D:7      | Killed Pikel
  8048 | D:7      | Gained mutation: When hurt, damage is shared between your
                  | health and your magic reserves. [demonic ancestry]
  8048 | D:7      | Reached XP level 10. HP: 74/74 MP: 18/18
  8061 | D:7      | Found a staircase to the Ecumenical Temple.
  8281 | D:8      | Noticed a two-headed ogre
  8289 | D:8      | Banished a two-headed ogre
  8290 | D:8      | Reached skill level 8 in Dodging
  8290 | D:8      | Reached skill level 12 in Invocations
 10238 | D:3      | Bought a Trismegistus Codex for 364 gold pieces
 10238 | D:3      | You add the spells Ignite Poison, Mephitic Cloud and
                  | Freezing Cloud to your library.
 10244 | D:3      | Learned a level 5 spell: Freezing Cloud
 10685 | D:9      | Reached skill level 1 in Conjurations
 10731 | D:9      | Reached skill level 1 in Ice Magic
 10739 | D:9      | Reached skill level 1 in Air Magic
 10844 | D:9      | Found a staircase to the Lair.
 10863 | D:9      | Found a staircase to the Orcish Mines.
 11087 | D:9      | Reached skill level 2 in Conjurations
 11099 | D:9      | Reached skill level 2 in Ice Magic
 11099 | D:9      | Reached skill level 2 in Air Magic
 11174 | D:9      | Noticed a gargoyle
 11179 | D:9      | Banished a gargoyle
 11371 | D:9      | Gained mutation: You are partially covered in sharp spines.
                  | [demonic ancestry]
 11371 | D:9      | Reached XP level 11. HP: 75/79 MP: 20/20
 11566 | D:9      | Reached skill level 3 in Conjurations
 12077 | D:9      | Found Lepled's Self-Improvement Boutique.
 12223 | D:10     | Entered Level 10 of the Dungeon
 12267 | D:10     | Found Bumin's Armour Emporium.
 12464 | D:10     | Reached skill level 3 in Ice Magic
 12477 | D:10     | Reached skill level 3 in Air Magic
 12576 | D:10     | Reached skill level 13 in Invocations
 12607 | D:10     | Noticed a two-headed ogre
 12609 | D:10     | Banished a two-headed ogre
 12808 | D:10     | Found Vimeucon's Antique Armour Shop.
 12934 | D:10     | Reached skill level 9 in Dodging
 13162 | D:11     | Reached skill level 4 in Conjurations
 13493 | D:11     | Noticed a centaur warrior
 13505 | D:11     | Killed a centaur warrior
 13506 | D:11     | Reached skill level 4 in Ice Magic
 13506 | D:11     | Reached skill level 4 in Air Magic
 13529 | D:11     | Reached skill level 5 in Conjurations
 13727 | D:11     | Noticed Erolcha
 13740 | D:11     | Killed Erolcha
 13886 | D:11     | You pick up a book of the Senses and begin reading...
 13886 | D:11     | You add the spells Dazzling Flash, Agony and Silence to
                  | your library.
 14009 | D:11     | Reached skill level 5 in Ice Magic
 14019 | D:11     | HP: 19/79 [yak (3)]
 14021 | D:11     | Reached skill level 5 in Air Magic
 14028 | D:11     | HP: 18/79 [yak (3)]
 14385 | D:11     | Noticed a centaur warrior
 14394 | D:11     | Killed a centaur warrior
 14395 | D:11     | Reached skill level 6 in Conjurations
 14679 | D:12     | Noticed a deep elf pyromancer
 14685 | D:12     | Killed a deep elf pyromancer
 14862 | D:12     | Reached XP level 12. HP: 65/86 MP: 19/21
 14956 | D:12     | Noticed a two-headed ogre
 14978 | D:12     | Killed a two-headed ogre
 14979 | D:12     | Reached skill level 7 in Conjurations
 15153 | D:12     | HP: 19/86 [fire elemental[a deep elf pyromancer] (5)]
 15153 | D:12     | HP: 4/86 [fire elemental[a deep elf pyromancer] (6)]
 15520 | D:12     | Reached skill level 10 in Dodging
 15528 | D:12     | Reached skill level 8 in Conjurations
 16039 | D:12     | Noticed Josephine
 16048 | D:12     | Killed Josephine
 16567 | D:13     | Found a huge runed gate.
 16567 | D:13     | Found a huge runed gate.
 16567 | D:13     | Found a huge runed gate.
 16568 | D:13     | Found a huge runed gate.
 16568 | D:13     | Found a huge runed gate.
 16568 | D:13     | Found a huge runed gate.
 16568 | D:13     | Found a huge runed gate.
 16568 | D:13     | Found a huge runed gate.
 16569 | D:13     | Found a huge runed gate.
 16585 | D:13     | Found a huge runed gate.
 16585 | D:13     | Found a huge runed gate.
 16585 | D:13     | Found a huge runed gate.
 16585 | D:13     | Found a huge runed gate.
 16592 | D:13     | Found a huge runed gate.
 16592 | D:13     | Found a huge runed gate.
 16592 | D:13     | Found a huge runed gate.
 16592 | D:13     | Found a huge runed gate.
 16592 | D:13     | Found a huge runed gate.
 16593 | D:13     | Found a huge runed gate.
 16594 | D:13     | Found a huge runed gate.
 16595 | D:13     | Found a huge runed gate.
 16596 | D:13     | Found a huge runed gate.
 16604 | D:13     | Found a huge runed gate.
 16604 | D:13     | Found a huge runed gate.
 16604 | D:13     | Found a huge runed gate.
 16604 | D:13     | Found a huge runed gate.
 16604 | D:13     | Found a huge runed gate.
 16604 | D:13     | Found a huge runed gate.
 16605 | D:13     | Found a huge runed gate.
 16726 | D:13     | Reached skill level 6 in Ice Magic
 16726 | D:13     | Reached skill level 6 in Air Magic
 16794 | D:13     | Noticed a catoblepas
 16814 | D:13     | Killed a catoblepas
 16928 | D:13     | Noticed a centaur warrior
 16941 | D:13     | Killed a centaur warrior
 16942 | D:13     | Reached skill level 9 in Conjurations
 17073 | D:13     | Reached ****** piety under Lugonu
 17103 | D:13     | Noticed Lodul
 17170 | D:13     | Found a huge runed gate.
 17171 | D:13     | Found a huge runed gate.
 17172 | D:13     | Found a huge runed gate.
 17173 | D:13     | Found a huge runed gate.
 17174 | D:13     | Found a huge runed gate.
 17175 | D:13     | Found a huge runed gate.
 17183 | D:13     | Found a huge runed gate.
 17187 | D:13     | Noticed a tengu warrior
 17193 | D:13     | Noticed a tengu warrior
 17217 | D:12     | Killed a tengu warrior
 17299 | Orc:1    | Entered Level 1 of the Orcish Mines
 17467 | Orc:1    | HP: 3/86 [orc knight/+3 vorpal battleaxe (26)]
 17467 | Orc:1    | Slain by an orc knight

Vanquished Creatures
  Josephine (D:12)
  Erolcha (D:11)
  A catoblepas (D:13)
  3 centaur warriors
  A two-headed ogre (D:12)
  A tengu warrior (D:12)
  Pikel (D:7)
  An orc knight (D:9)
  4 deep elf pyromancers
  3 manticores
  A cyclops (D:11)
  2 kobold demonologists (D:9)
  3 trolls
  3 meliai (D:13)
  Grinder (D:3)
  8 slime creatures
  2 shadows (D:11)
  A vampire (D:11)
  2 wyverns
  A yak (shapeshifter) (D:13)
  5 wraiths
  2 steam dragons
  15 yaks
  4 vampire mosquitoes (D:13)
  Menkaure (D:5)
  2 acid dragons
  Duvessa (D:5)
  4 sky beasts
  2 water moccasins
  4 orc warriors
  11 ogres
  7 centaurs
  6 bullfrogs
  3 gnoll sergeants
  4 kobold brigands (D:9)
  2 scorpions
  4 wights (D:7)
  Dowan (D:5)
  10 killer bees
  8 howler monkeys
  2 jellies
  A hound (D:5)
  9 orc priests
  Jessica (D:3)
  4 iguanas
  12 orc wizards
  17 gnolls
  12 adders
  2 white imps
  2 ufetubi
  An adder skeleton (D:2)
  A worm (D:2)
  2 dart slugs (D:1)
  42 orcs
  3 bat skeletons (D:2)
  A bat zombie (D:2)
  10 endoplasms
  5 giant cockroaches
  3 goblins
  6 hobgoblins
  4 jackals (D:1)
  18 kobolds
  5 quokkas
  10 ball pythons
  7 bats
  16 frilled lizards
  2 quokka zombies (D:2)
  7 rats
342 creatures vanquished.

Vanquished Creatures (others)
  2 orc wizards
  An orc (D:12)
3 creatures vanquished.

Grand Total: 345 creatures vanquished

Table legend:
 A = Non-vault XP
 B = Vault XP
 C = Vault XP percentage of total XP
 D = Non-vault monster count
 E = Vault monster count
 F = Vault count percentage of total count
                 A         B        C        D         E       F
            +---------+---------+-------+---------+---------+-------
      Total |   28778 |    7424 |  20.5 |     281 |      69 |  19.7
            +---------+---------+-------+---------+---------+-------
        D:1 |      56 |       0 |   0.0 |      31 |       0 |   0.0
        D:2 |      88 |      15 |  14.6 |      27 |       7 |  20.6
        D:3 |     216 |     309 |  58.9 |      23 |       2 |   8.0
        D:4 |     205 |      14 |   6.4 |       4 |       1 |  20.0
        D:5 |     282 |     444 |  61.2 |      13 |       5 |  27.8
        D:6 |     567 |    1162 |  67.2 |      15 |       5 |  25.0
        D:7 |    1928 |     663 |  25.6 |      26 |       1 |   3.7
        D:8 |    2259 |       0 |   0.0 |      23 |       0 |   0.0
        D:9 |    3328 |     911 |  21.5 |      40 |       9 |  18.4
       D:10 |    1917 |       0 |   0.0 |      14 |       0 |   0.0
       D:11 |    6095 |     854 |  12.3 |      23 |       1 |   4.2
       D:12 |    6711 |    1763 |  20.8 |      22 |       5 |  18.5
       D:13 |    4949 |     968 |  16.4 |      15 |       8 |  34.8
      Orc:1 |     177 |      84 |  32.2 |       5 |       2 |  28.6
      Sewer |       0 |     237 | 100.0 |       0 |      23 | 100.0
            +---------+---------+-------+---------+---------+-------

Illustrated notes

Table legend:
 A = Kills in this place as a percentage of kills in entire the game.
 B = Kills by you in this place as a percentage of kills by you in the entire game.
 C = Kills by friends in this place as a percentage of kills by friends in the entire game.
 D = Other kills in this place as a percentage of other kills in the entire game.
 E = Experience gained in this place as a percentage of experience gained in the entire game.
 F = Experience gained in this place divided by the number of levels of this place that you have seen.
                   A       B       C       D       E      F
               +-------+-------+-------+-------+-------+----------------------
         Total | 100.0 | 100.0 |   N/A | 100.0 | 100.0 | 2262.6
       Dungeon |  91.4 |  91.2 |   N/A | 100.0 |  98.6 | 2746.5
  Orcish Mines |   2.0 |   2.0 |   N/A |   0.0 |   0.7 | 261.0
         Sewer |   6.6 |   6.7 |   N/A |   0.0 |   0.7 | 237.0
               +-------+-------+-------+-------+-------+----------------------

Table legend: (Time is in decaauts)
 A = Elapsed time spent in this place.
 B = Non-inter-level travel time spent in this place.
 C = Inter-level travel time spent in this place.
 D = Time resting spent in this place.
 E = Time spent auto-exploring this place.
 F = Levels seen in this place.
 G = Mean time per level.
                   A        B        C        D        E       F      G
               +--------+--------+--------+--------+--------+-----+--------+
         Total |  17381 |  16692 |    689 |   1228 |  12684 |  16 | 1086.3 |
       Dungeon |  16981 |  16292 |    689 |   1223 |  12566 |  13 | 1306.2 |
  Orcish Mines |     76 |     76 |      0 |      0 |     10 |   1 |   76.0 |
         Abyss |     14 |     14 |      0 |      0 |      9 |   1 |   14.0 |
         Sewer |    309 |    309 |      0 |      4 |     99 |   1 |  309.0 |
               +--------+--------+--------+--------+--------+-----+--------+

Top non-repeatable levels by time:
     D:8: 2149 daAuts
    D:12: 1770 daAuts
     D:9: 1705 daAuts
     D:7: 1624 daAuts
     D:3: 1585 daAuts
    D:11: 1514 daAuts
     D:2: 1410 daAuts
     D:1: 1021 daAuts
    D:10: 912 daAuts
     D:6: 865 daAuts
     D:5: 837 daAuts
    D:13: 818 daAuts
     D:4: 768 daAuts
   Sewer: 309 daAuts
   Orc:1: 76 daAuts
